 Dungeon Crawl Stone Soup version 0.28.0-1-gb440e238dd (webtiles) character file.

Game seed: 17067443823104470393

19889 zcampers the Protected (level 12, -5/160 HPs)
             Began as a Minotaur Berserker on Feb 26, 2022.
             Was a High Priest of Trog.
             Slain by a six-headed hydra (11 damage)
             ... on level 13 of the Dungeon on Feb 27, 2022.
             The game lasted 00:18:16 (10667 turns).

zcampers the Protected (Minotaur Berserker)        Turns: 10667, Time: 00:18:16

Health: -5/160     AC: 21    Str: 26    XL:     12   Next: 40%
Magic:  11/11      EV:  9    Int:  4    God:    Trog [*****.]
Gold:   820        SH:  9    Dex: 11    Spells: 11/11 levels left

rFire   . . .      SeeInvis .   g - +0 falchion (flame)
rCold   . . .      Faith    .   (no shield)
rNeg    . . .      Spirit   .   b - +0 plate armour
rPois   +          Reflect  +   i - +0 hat {Stlth+}
rElec   .          Harm     .   f - +2 cloak {rPois}
rCorr   +          Rampage  .   (no gloves)
Will    ++...                   c - +1 pair of boots
Stlth   ..........              s - amulet of reflection
HPRegen 2.16/turn               r - ring of resist corrosion
MPRegen 0.12/turn               (no ring)

@: mighty, berserking, strong-willed, regenerating, very quick
A: horns 2, retaliatory headbutt, large bone plates 1, regeneration 1
a: Renounce Religion, Berserk, Trog's Hand, Brothers in Arms


You were on level 13 of the Dungeon.
You worshipped Trog.
Trog was extremely pleased with you.
You visited 1 branch of the dungeon, and saw 13 of its levels.

You collected 820 gold pieces.

Inventory:

Hand Weapons
 g - a +0 falchion of flaming (weapon)
 B - a +2 hand axe of electrocution
Missiles
 h - 4 silver javelins (quivered)
Armour
 b - a +0 plate armour (worn)
 c - a +1 pair of boots (worn)
 f - a +2 cloak of poison resistance (worn)
 i - a +0 hat of stealth (worn)
Jewellery
 r - a ring of resist corrosion (left hand)
 s - an amulet of reflection (around neck)
 u - the ring "Emauvar" {*Corrode rElec rPois rC+ Int+2}
   (You acquired it on level 8 of the Dungeon)

   [ring of protection from cold]

   Int:       It affects your intelligence (+2).
   rC:        It protects you from cold.
   rElec:     It insulates you from electricity.
   rPois:     It protects you from poison.
   *Corrode:  It may corrode you when you take damage.
Wands
 l - a wand of flame (25)
 t - a wand of mindburst (19)
 v - a wand of charming (5)
 w - a wand of digging (13)
 x - a wand of polymorph (8)
 y - a wand of iceblast (5)
 A - a wand of paralysis (5)
Scrolls
 a - 3 scrolls of brand weapon
 d - 6 scrolls of identify
 j - a scroll of teleportation
 k - a scroll of magic mapping
 m - 2 scrolls of blinking
 n - 2 scrolls of fear
 E - 2 scrolls of fog
Potions
 o - 3 potions of curing
 p - 4 potions of heal wounds
 q - a potion of flight
 z - a potion of attraction


   Skills:
 + Level 10.4 Fighting
 + Level 12.7 Long Blades
 + Level 8.4 Axes
 + Level 1.0 Throwing
 + Level 12.8 Armour
 + Level 4.1 Dodging
 + Level 1.5 Stealth
 + Level 11.0 Shields


You had 11 spell levels left.
You didn't know any spells.
Your spell library was empty.

Dungeon Overview and Level Annotations

Branches:
Dungeon (13/15)            Temple (0/1) D:7            Lair (0/6) D:9
    Orc (0/2) D:12
 Vaults: D:13-14

Altars:
Kikubaaqudgha
Makhleb
Okawaru
Ru
Trog
Xom
Yredelemnul
The Shining One

Shops:
D:1 ?

Annotations:
D:9 3 runed translucent doors, Sanktem7's ghost, journeyman MiFi


Innate Abilities, Weirdness & Mutations

You have a pair of horns on your head.
You reflexively headbutt those who attack you in melee.
You are partially covered in large bone plates. (SH +4)
Your natural rate of healing is unusually fast.


Message History

You slash the centaur warrior! You burn the centaur warrior.
You headbutt the centaur warrior!
The centaur warrior is almost dead.
The orc knight no longer looks unusually strong.
You block the orc knight's attack.
You slash the centaur warrior! You burn the centaur warrior.
You feel the power of Trog in you as your rage grows.
You kill the centaur warrior!
Trog accepts your kill.
Your Shields skill increases to level 11!
You chop one of the eight-headed hydra's heads off!
The flame cauterises the wound!
You slash the seven-headed hydra! You burn the seven-headed hydra.
You headbutt the seven-headed hydra!
The seven-headed hydra is moderately wounded.
You hit the seven-headed hydra. You burn the seven-headed hydra.
You punch the seven-headed hydra!
The seven-headed hydra is heavily wounded.
The orc knight hits you from afar with a +2 glaive of protection.
* * * LOW HITPOINT WARNING * * *
The seven-headed hydra closely misses you.
The seven-headed hydra bites you but does no damage. x3
The seven-headed hydra bites you!
* * * LOW HITPOINT WARNING * * *
You block the seven-headed hydra's attack.
The seven-headed hydra bites you but does no damage.
You barely miss the seven-headed hydra.
The seven-headed hydra is heavily wounded.
You chop one of the seven-headed hydra's heads off!
The flame cauterises the wound!
You slash the six-headed hydra! You burn the six-headed hydra.
The six-headed hydra is severely wounded.
The orc knight hits you from afar with a +2 glaive of protection!
* * * LOW HITPOINT WARNING * * *
You barely miss the six-headed hydra.
The six-headed hydra is severely wounded.
The six-headed hydra barely misses you. The six-headed hydra bites you.
* * * LOW HITPOINT WARNING * * *
The six-headed hydra bites you but does no damage.
The six-headed hydra barely misses you. The six-headed hydra bites you!
You die...

##.#...#### #
#..#....... .#
..#..... .# #..... #.
#.# ## #...########
#.# .H##.
#........... #/.#9 ..
#...........
#.oD##.###......^....
#@##.##(..........
##.#.##...........
#...#..#..........
#.#..#..#...####...
#...#.##.#...# #...
##...##.##...# #...
..### .#.#..# #...
### .#.##..# #... ###
#.# #..# #...


You could see a six-headed hydra, an orc knight, a manticore and a gargoyle.

Vanquished Creatures
  Fannar (D:10)
  4 hydras
  4 two-headed ogres
  A centaur warrior (D:13)
  The ghost of croobank the Cleaver, a novice HOFi of Beogh (D:6)
  An orc knight (D:13)
  3 cyclopes (D:13)
  2 ugly things
  Joseph (D:10)
  Maggie (D:10)
  A gargoyle (D:12)
  2 komodo dragons (D:13)
  3 trolls
  A hornet (D:8)
  Grinder (D:4)
  3 shadows
  A vampire (D:12)
  A spriggan (D:9)
  A wraith (D:12)
  17 yaks
  Eustachio (D:4)
  3 vampire mosquitoes (D:12)
  A steam dragon (D:7)
  2 wargs
  3 swamp worms (D:7)
  2 acid dragons (D:12)
  2 sky beasts (D:8)
  2 black bears
  A hornet zombie (D:6)
  4 orc warriors
  An ice beast (D:6)
  4 ogres
  A phantom (D:6)
  4 centaurs
  A kobold brigand (D:8)
  2 bullfrogs
  A scorpion (D:5)
  A wyvern zombie (D:6)
  8 killer bees
  8 howler monkeys
  6 centaur zombies
  A bullfrog zombie (D:6)
  3 jellies
  7 orc priests
  Crazy Yiuf (D:5)
  A gnoll shaman (D:8)
  A hound (D:5)
  An iguana (D:3)
  11 orc wizards
  A hound skeleton (D:4)
  2 howler monkey zombies
  8 gnolls
  4 adders
  4 white imps
  2 worms (D:2)
  34 orcs
  10 ball pythons
  2 endoplasms
  5 giant cockroaches
  8 goblins
  3 hobgoblins
  3 jackals (D:5)
  9 kobolds
  7 quokkas
  6 bats
  2 frilled lizards
  3 rats
247 creatures vanquished.

Vanquished Creatures (others)
  An orc (D:10)
  4 plants
5 creatures vanquished.

Grand Total: 252 creatures vanquished

Notes
Turn   | Place    | Note
-------+----------+-------------------------------------------
     0 | D:1      | zcampers the Minotaur Berserker began the quest for the
                  | Orb.
     0 | D:1      | Reached XP level 1. HP: 19/19 MP: 0/0
   171 | D:1      | Reached XP level 2. HP: 27/27 MP: 1/1
   496 | D:1      | Found Arghug's Magic Scroll Emporium.
   799 | D:1      | Reached XP level 3. HP: 33/33 MP: 2/2
   963 | D:2      | Reached ** piety under Trog
  1178 | D:2      | Identified the +3 leather armour of the Tundras {Rampage
                  | Fly Will++}
  1214 | D:2      | Gained mutation: You are partially covered in large bone
                  | plates. (SH +4) [potion of mutation]
  1214 | D:2      | Gained mutation: Your natural rate of healing is unusually
                  | fast. [potion of mutation]
  1316 | D:2      | Found a faded altar of an unknown god.
  1814 | D:3      | Reached XP level 4. HP: 34/41 MP: 3/3
  1843 | D:3      | Found a shimmering altar of Xom.
  2150 | D:3      | Found a glowing golden altar of the Shining One.
  2161 | D:3      | Found a burning altar of Makhleb.
  2221 | D:3      | Reached skill level 5 in Axes
  2499 | D:4      | Reached XP level 5. HP: 43/47 MP: 4/4
  2545 | D:4      | Noticed Eustachio
  2561 | D:4      | Killed Eustachio
  2562 | D:4      | Reached skill level 1 in Long Blades
  2562 | D:4      | Reached XP level 6. HP: 26/55 MP: 5/5
  2779 | D:4      | Reached skill level 1 in Shields
  2892 | D:4      | Reached skill level 5 in Fighting
  2892 | D:4      | Reached skill level 1 in Stealth
  3008 | D:4      | Noticed Grinder
  3017 | D:4      | Killed Grinder
  3018 | D:4      | Reached XP level 7. HP: 61/61 MP: 6/6
  3053 | D:4      | Found a bloodstained altar of Trog.
  3223 | D:5      | Entered Level 5 of the Dungeon
  3228 | D:5      | Found an iron altar of Okawaru.
  3326 | D:5      | Found a runed translucent door.
  3327 | D:5      | Noticed Crazy Yiuf
  3661 | D:5      | Reached skill level 5 in Armour
  3753 | D:5      | Reached *** piety under Trog
  3778 | D:5      | Reached XP level 8. HP: 68/69 MP: 7/7
  4171 | D:5      | Killed Crazy Yiuf
  4397 | D:6      | Reached skill level 5 in Long Blades
  4816 | D:6      | Found a runed translucent gate.
  4816 | D:6      | Found a runed translucent gate.
  4816 | D:6      | Found a runed translucent gate.
  4816 | D:6      | Noticed croobank's ghost (novice HOFi)
  4818 | D:6      | Found a basalt altar of Yredelemnul.
  4878 | D:6      | Killed croobank's ghost
  4879 | D:6      | Reached skill level 5 in Shields
  4879 | D:6      | Reached XP level 9. HP: 33/78 MP: 8/8
  5258 | D:7      | Found a staircase to the Ecumenical Temple.
  5510 | D:7      | Noticed a troll
  5517 | D:7      | Killed a troll
  5794 | D:8      | Found an ancient bone altar of Kikubaaqudgha.
  5942 | D:8      | Found a sacrificial altar of Ru.
  5971 | D:8      | Noticed a two-headed ogre
  5981 | D:8      | Killed a two-headed ogre
  5982 | D:8      | Reached XP level 10. HP: 88/88 MP: 9/9
  6017 | D:8      | Paralysed by a hornet for 1 turns
  6751 | D:8      | Identified a scroll of acquirement
  6751 | D:8      | Acquired the ring "Emauvar" {*Corrode rElec rPois rC+
                  | Int+2}
  6785 | D:9      | Found a staircase to the Lair.
  6788 | D:9      | Noticed a green ugly thing
  6834 | D:8      | Reached skill level 10 in Long Blades
  6834 | D:8      | Killed a green ugly thing
  7095 | D:9      | Reached **** piety under Trog
  7141 | D:9      | Noticed a two-headed ogre
  7153 | D:9      | Killed a two-headed ogre
  7154 | D:9      | Reached skill level 10 in Armour
  7373 | D:9      | Found a runed translucent gate.
  7373 | D:9      | Found a runed translucent gate.
  7373 | D:9      | Found a runed translucent gate.
  7374 | D:9      | Noticed a spectral centaur warrior
  7379 | D:9      | Noticed Sanktem7's ghost (journeyman MiFi)
  7556 | D:9      | Reached XP level 11. HP: 95/95 MP: 10/10
  8016 | D:10     | Entered Level 10 of the Dungeon
  8119 | D:10     | Noticed Fannar
  8134 | D:10     | Killed Fannar
  8210 | D:10     | Noticed Maggie
  8225 | D:10     | Killed Maggie
  8295 | D:10     | Noticed Joseph
  8307 | D:10     | Killed Joseph
  8733 | D:11     | Noticed a four-headed hydra
  8741 | D:11     | Killed a one-headed hydra
  8742 | D:11     | Reached skill level 1 in Throwing
  8755 | D:11     | Noticed a two-headed ogre
  8762 | D:11     | Killed a two-headed ogre
  8870 | D:11     | Noticed a five-headed hydra
  8878 | D:11     | Killed a one-headed hydra
  8964 | D:11     | Reached skill level 10 in Shields
  9080 | D:11     | Noticed an eight-headed hydra
  9089 | D:11     | Killed a five-headed hydra
  9090 | D:11     | Reached skill level 10 in Fighting
  9358 | D:12     | Noticed a five-headed hydra
  9376 | D:12     | Killed a one-headed hydra
  9640 | D:12     | Found a bloodstained altar of Trog.
  9765 | D:12     | Reached XP level 12. HP: 97/106 MP: 11/11
  9801 | D:12     | Found a staircase to the Orcish Mines.
 10278 | D:13     | Noticed a two-headed ogre
 10293 | D:13     | Killed a two-headed ogre
 10293 | D:13     | Reached ***** piety under Trog
 10642 | D:13     | Noticed a centaur warrior
 10642 | D:13     | Noticed an eight-headed hydra
 10662 | D:13     | Killed a centaur warrior
 10667 | D:13     | HP: 6/160 [six-headed hydra (6)]
 10667 | D:13     | Slain by a six-headed hydra

Illustrated notes

Levels and vault maps discovered:
D:1:      sevenhm_arrival_forest_fort_small_6, layout_loops_ring, serial_shops,
          shop
D:2:      layout_loops_cross, hellmonk_ecumenical_altar_crossroads
D:3:      layout_loops_ring, nicolae_overflow_squiral,
          mainiacjoe_overflow_catwalk, serial_rivers,
          chequers_serial_rivers_micro_c, chequers_serial_rivers_small_a,
          chequers_serial_rivers_room_b, chequers_serial_rivers_small_3,
          chequers_serial_rivers_micro_b, chequers_serial_rivers_micro_c
D:4:      layout_basic, lemuel_tele_altar, minmay_tree_intersection,
          uniq_eustachio, uniq_grinder
D:5:      layout_cave_pods, mainiacjoe_overflow_six_doors_small,
          uniq_crazy_yiuf_cottage
D:6:      layout_basic, nicolae_yredelemnul_ghost_church
D:7:      layout_loops_ring, minmay_temple_entry_purple_smoke, minivault_14,
          worms_lemuel
D:8:      layout_gridville, nicolae_ru_sacrificial_ziggurat, lemuel_doored_altar
D:9:      layout_basic, erik_lair_orcish_takeover, gammafunk_ghost_necromancy,
          the_hattery
D:10:     layout_basic, minivault_23, hangedman_decor_opposing, uniq_joseph,
          uniq_fannar, uniq_maggie
D:11:     layout_irregular_city
D:12:     nicolae_cairo_tiling, layout_cave_pods, hangedman_decor_lopped,
          skrybe_limestone_x, kennysheep_pointless_box, bloody_trog
D:13:     minmay_ornate_pinched, layout_stronghold, serial_shops, shop

Skill      XL: |  1  2  3  4  5  6  7  8  9 10 11 12 |
---------------+-------------------------------------+-----
Axes           | 4 5 6 7 8 |  8.4
Fighting       | 4 5 6 7 8 10 | 10.4
Dodging        | 3 4 |  4.1
Armour         | 3 4 5 7 8 10 11 12 | 12.8
Long Blades    | 1 2 4 7 9 11 12 | 12.7
Shields        | 1 3 5 6 8 10 11 | 11.0
Stealth        | 1 |  1.5
Throwing       | 1 |  1.0

Action                   |  1- 3 |  4- 6 |  7- 9 | 10-12 || total
-------------------------+-------+-------+-------+-------++-------
Melee: Hand axe          |    95 |     2 |       |   146 ||   243
       Headbutt          |    14 |     9 |    53 |   114 ||   190
       Falchion          |       |    65 |   266 |   378 ||   709
       Punch             |       |     1 |     3 |    10 ||    14
Throw: Javelin           |     3 |       |     1 |     1 ||     5
Invok: Trog's Hand       |       |     1 |     5 |     6 ||    12
       Berserk           |       |       |     3 |     3 ||     6
  Use: Scroll            |     5 |       |     2 |     5 ||    12
       Potion            |     2 |       |     6 |     3 ||    11
 Stab: Sleeping          |     1 |       |       |       ||     1
Armor: Animal skin       |    19 |       |       |       ||    19
       Plate armour      |    16 |    51 |   131 |   258 ||   456
Dodge: Dodged            |    63 |    37 |    68 |   155 ||   323
Block: Other             |     5 |    14 |   136 |   234 ||   389
       Reflection        |       |       |     2 |    14 ||    16
